[Event "*** Titled Tuesday Blitz"]
[Site "Chess.com"]
[Date "2021.02.02"]
[Round "2"]
[White "PLAYER_2006_M"]
[Black "ShimanovAlex"]
[Result "0-1"]
[WhiteElo "2526"]
[BlackElo "2830"]
[TimeControl "180+1"]
[EndTime "10:20:06 PST"]
[Termination "ShimanovAlex won by resignation"]

1. d4 d5 2. Nc3 Nf6 3. Bf4 c5 4. e3 cxd4 5. exd4 Bg4 6. Nce2 Nc6 7. c3 e6 8. h3 Bh5 9. g4 Bg6 10. Bg2 h5 11. g5 Ne4 12. h4 Bd6 13. f3 Bxf4 14.
Nxf4 Nd6 15. Nxg6 fxg6 16. Qd3 Nf5 17. O-O-O O-O 18. Ne2 Qd6 19. Rde1 Rab8 20. Qb5 a6 21. Qc5 Qc7 22. Bh3 b6 23. Qa3 b5 24. Qc5 b4 25. c4 Kh7 26. Kb1 dxc4 27. Qxc4 Nd6 28. Qd3 e5 29. d5 Ne7 30. Rc1 Qb7 31. Be6 a5 32. Ng3 a4 33. Nxh5 a3 34. b3 Qb5 35.
Qxb5 Nxb5 36. Ng3 Nc3+ 37. Rxc3 bxc3 38. d6 Nc6 39. Bd5 c2+ 40. Kc1 Nb4 41. Be4 Rbc8 42. Ne2 Rfd8 43. h5 Rxd6 44. hxg6+ Kg8 45. Bxc2 Rxc2+ 46. Kb1 Rb2+ 47. Kc1 Rxg6 48. Rd1 Rc6+ 49. Nc3 0-1

[Event "*** Titled Tuesday Blitz"]
[Site "Chess.com"]
[Date "2021.02.02"]
[Round "2"]
[White "SaraciNderim"]
[Black "yobdc"]
[Result "1-0"]
[WhiteElo "2819"]
[BlackElo "2518"]
[TimeControl "180+1"]
[EndTime "10:20:06 PST"]
[Termination "SaraciNderim won on time"]

1. d4 e6 2. Nf3 f5 3. g3 Nf6 4. Bg2 Be7 5. O-O O-O 6. c4 d6 7.
Nc3 Ne4 8. Qc2 Nxc3 9. Qxc3 a5 10. c5 Bf6 11. h4 Nc6 12. Bg5 h6 13. Bxf6 Qxf6 14.
Rfd1 Bd7 15. cxd6 cxd6 16. d5 Qxc3 17. bxc3 exd5 18. Rxd5 Rf6 19. Rad1 Be6 20. Rb5 Bxa2 21. Rxb7 Ra6 22. Ra1 Bc4 23. e3 a4 24. Nd2 d5 25.
Nxc4 dxc4 26. Bd5+ Kh7 27. Bxc4 Ra5 28. Rb5 Ra7 29. Bd3 Ne7 30. Rb4 a3 31. Rb3 a2 32.
Rb2 Rd6 33. Bf1 Nd5 34. Rd2 Rb6 35. Raxa2 Rxa2 36. Rxa2 Nxc3 37. Ra5 Kg6 38. Bd3 Ne4 39. g4 Nd6 40. Bxf5+ Kf6 41. h5 Rb4 42. f3 Rb2 43. Bd3 1-0

[Event "*** Titled Tuesday Blitz"]
[Site "Chess.com"]
[Date "2021.02.02"]
[Round "2"]
[White "esrosenberg"]
[Black "hleol"]
[Result "1-0"]
[WhiteElo "2183"]
[BlackElo "2403"]
[TimeControl "180+1"]
[EndTime "10:20:06 PST"]
[Termination "esrosenberg won by checkmate"]

1. Nf3 d5 2. c4 c6 3. d4 Nf6 4.
Nc3 e6 5. Bg5 Be7 6. e3 h6 7.
Bf4 Nbd7 8. Qc2 O-O 9. Rd1 a6 10. a3 Re8 11. h3 Bf8 12. Bd3 dxc4 13. Bxc4 b5 14. Ba2 Bb7 15. Bb1 Rc8 16. b4 a5 17. O-O axb4 18. axb4 Bxb4 19. Ne5 Bxc3 20.
Qxc3 Nd5 21. Qc2 N7f6 22. Bg3 Qa5 23. Bh4 Qc3 24. Qe2 c5 25. Rc1 Qa3 26. Qf3 cxd4 27.
Rxc8 Bxc8 28. Bxf6 Nxf6 29. Qg3 dxe3 30. fxe3 Qe7 31.
h4 Bb7 32. h5 Nxh5 33. Qf2 Nf6 34. Qf4 Ba8 35. Qh4 Qb7 36. e4 Qa7+ 37. Kh2 Qe3 38. Rxf6 gxf6 39. Qxf6 Rf8 40. Ng4 Qd2 41. Nxh6+ Kh7 42.
e5+ Be4 43. Bxe4# 1-0

[Event "*** Titled Tuesday Blitz"]
[Site "Chess.com"]
[Date "2021.02.02"]
[Round "2"]
[White "KuzubovYuriy"]
[Black "marcodobrikov"]
[Result "1-0"]
[WhiteElo "2843"]
[BlackElo "2536"]
[TimeControl "180+1"]
[EndTime "10:20:07 PST"]
[Termination "KuzubovYuriy won by resignation"]

1. d4 Nf6 2. Nf3 g6 3. Nbd2 Bg7 4.
e4 d6 5. Bd3 O-O 6. O-O Nc6 7.
Re1 e5 8. dxe5 Nxe5 9. Nxe5 dxe5 10. a4 c6 11. Nc4 Qc7 12. Bg5 Be6 13. Qc1 Nd7 14. Be7 Rfe8 15. Bd6 Qd8 16. Rd1 Qh4 17.
Qe3 f5 18. f3 f4 19. Qf2 Qf6 20. Na5 Bf7 21. Nxb7 g5 22. Ba3 Rab8 23. Nd6 Red8 24.
Nxf7 Qxf7 25. b3 Kh8 26. Bc4 Qg6 27. Be7 Bf8 28. Bxf8 Nxf8 29. Qc5 g4 30. Qxe5+ Qg7 31. Qxg7+ Kxg7 32. fxg4 Kf6 33. Kf2 Ng6 34. h3 Ne5 35.
Be2 a5 36. Rxd8 Rxd8 37. Rd1 Rxd1 38. Bxd1 c5 39. Be2 Kg5 40. g3 fxg3+ 41. Kxg3 Ng6 42. Bd3 h6 43. h4+ Kf6 44. Ba6 Ke5 45. Bc8 Ne7 46. Bf5 Nc6 47. c3 Nd8 48. Kf3 Nf7 49.
Ke3 Nd6 50. g5 hxg5 51. hxg5 Nf7 52. g6 Nd6 53. Kd3 c4+ 54. bxc4 Ne8 55. c5 Nf6 56. c6 Ne8 57. c7 Nxc7 58. g7 1-0

[Event "*** Titled Tuesday Blitz"]
[Site "Chess.com"]
[Date "2021.02.02"]
[Round "2"]
[White "superchess02"]
[Black "Fortitudine"]
[Result "1-0"]
[WhiteElo "2798"]
[BlackElo "2351"]
[TimeControl "180+1"]
[EndTime "10:20:07 PST"]
[Termination "superchess02 won on time"]

1. f4 b6 2. e4 Bb7 3. Nc3 e6 4. Nf3 Nf6 5. Bd3 Bc5 6. Qe2 Nc6 7. e5 Ng4 8. Ne4 Nb4 9. h3 Nh6 10. g4 d5 11. Nxc5 bxc5 12. c3 Nxd3+ 13. Qxd3 Bc6 14. Kf2 d4 15. Rd1 Qd5 16. c4 Qxf3+ 17. Qxf3 Bxf3 18. Kxf3 f6 19. Re1 Kd7 20. d3 Nf7 21. b3 fxe5 22.
fxe5 Raf8 23. Kg3 h6 24. Ba3 Kc6 25. h4 Nd8 26. Rf1 Nf7 27. Rae1 h5 28. g5 Rhg8 29. b4 Nh8 30. bxc5 Ng6 31. Bb2 Rxf1 32. Rxf1 Nxe5 33. Bxd4 Nxd3 34. Rf7 Nxc5 35. Bxg7 Rd8 36. Be5 Rd3+ 37. Kf4 Rh3 38. g6 Rxh4+ 39. Kg5 Rg4+ 40. Kxh5 Rg1 41. g7 Nd7 42. Bd4 e5 43. Bxg1 1-0

[Event "*** Titled Tuesday Blitz"]
[Site "Chess.com"]
[Date "2021.02.02"]
[Round "2"]
[White "BigAl"]
[Black "Camels1981"]
[Result "1-0"]
[WhiteElo "2476"]
[BlackElo "2274"]
[TimeControl "180+1"]
[EndTime "10:20:07 PST"]
[Termination "BigAl won by resignation"]

1. e4 c5 2. Nc3 a6 3. g3 g6 4. Bg2 Bg7 5. d3 Nc6 6. Be3 d6 7. Qd2 Nf6 8. h3 O-O 9. Nge2 Rb8 10. Bh6 b5 11. Nd1 b4 12. O-O a5 13. Bxg7 Kxg7 14.
Ne3 Nd4 15. f4 Ba6 16. Kh2 Nd7 17. Ng1 a4 18. c3 bxc3 19. bxc3 Ne6 20. f5 Nc7 21.
Ng4 Ne5 22. f6+ Kh8 23. Nxe5 dxe5 24. fxe7 Qxe7 25. c4 a3 26. Qc3 Rfd8 27. Qxa3 Rb6 28. Rf3 Ne6 29. Raf1 Ng5 30. R3f2 f6 31. h4 Nf7 32.
Ne2 Bc8 33. Nc3 Nh6 34. Nd5 Ng4+ 35. Kg1 Rxd5 36. cxd5 Nxf2 37. Rxf2 Qd6 38. Rc2 Rb1+ 39. Kh2 Rb4 40. Qa5 Ba6 41. Qxc5 Qxc5 42. Rxc5 Bxd3 43. h5 gxh5 44. Rc7 Rd4 45. Kh3 Bxe4 46. Bxe4 Rxe4 47. d6 Rd4 48. d7 Kg8 49. Rc8+ 1-0

[Event "*** Titled Tuesday Blitz"]
[Site "Chess.com"]
[Date "2021.02.02"]
[Round "2"]
[White "Gnechko_Ruslan"]
[Black "Guriempire"]
[Result "1/2-1/2"]
[WhiteElo "2511"]
[BlackElo "2753"]
[TimeControl "180+1"]
[EndTime "10:20:08 PST"]
[Termination "Game drawn by repetition"]

1. e4 g6 2. d4 Bg7 3. Nc3 c6 4. Nf3 d5 5. h3 dxe4 6. Nxe4 Nf6 7. Nxf6+ exf6 8. Bd3 O-O 9. O-O Re8 10. Re1 Be6 11. Bf4 Nd7 12. Qd2 Nb6 13. b3 Bd5 14. Rxe8+ Qxe8 15. Re1 Qd7 16. Nh2 Rd8 17. c4 Be6 18. Nf3 g5 19. Bg3 h5 20. c5 Nd5 21. Bd6 Bf5 22.
Bc4 Be6 23. h4 g4 24. Nh2 b5 25. Bd3 Bf5 26. Nf1 Bg6 27. Ng3 Ra8 28. Be4 a5 29.
Bxd5 cxd5 30. Re7 Qd8 31. Qe2 Bf8 32. Rb7 Bxd6 33. cxd6 Qxd6 34. Qxb5 a4 35. bxa4 f5 36. Rd7 Qf4 37. Qxd5 Rxa4 38. Rd8+ Kg7 39. Kh2 Qc7 40. Rd7 Qf4 41. Rd8 Qc7 42. Rd7 Qf4 43. Kg1 Qc1+ 44. Kh2 Qf4 1/2-1/2

[Event "*** Titled Tuesday Blitz"]
[Site "Chess.com"]
[Date "2021.02.02"]
[Round "2"]
[White "Mambastik-Fantastic"]
[Black "AlexSuv"]
[Result "0-1"]
[WhiteElo "2253"]
[BlackElo "2464"]
[TimeControl "180+1"]
[EndTime "10:20:08 PST"]
[Termination "AlexSuv won by resignation"]

1. e4 c5 2. Nf3 e6 3. d4 cxd4 4.
Nxd4 Nc6 5. Nb5 d6 6. c4 Nf6 7. N1c3 a6 8. Na3 Be7 9. Be2 O-O 10. O-O b6 11. Be3 Bb7 12. Rc1 Ne5 13. f3 Rc8 14. Qd2 Qc7 15. Rfd1 Rfd8 16. Bf1 Bc6 17. Qf2 Ned7 18.
Nc2 Bb7 19. b4 h6 20. Nd4 Qb8 21. Qg3 Kh8 22. Qh3 Ne5 23. Na4 Nfd7 24. a3 Bf8 25.
Be2 Ng6 26. g4 Kg8 27. g5 hxg5 28. Bxg5 Re8 29. Be3 Rcd8 30. Kf2 d5 31. cxd5 exd5 32. Nc6 Bxc6 33. Rxc6 Nde5 34. Rxb6 Qc7 35. Rc1 Qe7 36. Bc5 Qg5 37. Rg1 Qd2 38. Rd1 Qc2 39. Be3 d4 40.
Bg5 d3 41. Re1 dxe2 42. Rxe2 Nd3+ 43. Kf1 Qd1+ 0-1

[Event "*** Titled Tuesday Blitz"]
[Site "Chess.com"]
[Date "2021.02.02"]
[Round "2"]
[White "Shahaliyev"]
[Black "AustrianFalcon"]
[Result "1-0"]
[WhiteElo "2727"]
[BlackElo "2491"]
[TimeControl "180+1"]
[EndTime "10:20:09 PST"]
[Termination "Shahaliyev won by resignation"]

1. Nf3 g6 2. g3 Bg7 3. Bg2 d5 4. O-O e5 5. d3 Ne7 6. e4 O-O 7. b3 c5 8. Bb2 Nbc6 9. Nbd2 f6 10. a3 Be6 11. Qe2 Qd7 12. Rfc1 Nd4 13. Nxd4 cxd4 14. c3 dxc3 15. Bxc3 d4 16. Bb4 Rfc8 17. Nc4 Nc6 18. Bd2 b5 19. Nb2 Bxb3 20. Rc5 a6 21. f4 Bf8 22.
Rd5 Bxd5 23. exd5 Ne7 24. fxe5 fxe5 25. Qxe5 Rc2 26. d6 Rxd2 27. Bxa8 Qh3 28. g4 Qe3+ 29. Qxe3 dxe3 30. d7 Nc6 31. Bxc6 Be7 32. Nd1 e2 33. Nf2 Bh4 34. Re1 Kf7 35. Bf3 Bxf2+ 36. Kxf2 Rxd3 37. Bxe2 Rxd7 38. Rd1 Re7 39. Rd6 a5 40. Bxb5 Re5 41. Bc4+ Kg7 42. Rd4 Rc5 43. a4 h5 44. h3 hxg4 45.
hxg4 Kh6 46. Kg3 Kg5 47. Rd5+ Rxd5 48. Bxd5 Kf6 49. Kf4 g5+ 50. Ke4 1-0

[Event "*** Titled Tuesday Blitz"]
[Site "Chess.com"]
[Date "2021.02.02"]
[Round "2"]
[White "mirochka"]
[Black "InitiatingASC"]
[Result "0-1"]
[WhiteElo "2198"]
[BlackElo "2433"]
[TimeControl "180+1"]
[EndTime "10:20:09 PST"]
[Termination "InitiatingASC won on time"]

1. e4 c5 2. d4 cxd4 3. c3 Nf6 4. e5 Nd5 5. Nf3 Nc6 6. Bc4 Nb6 7.
Bb3 d5 8. exd6 Qxd6 9. Na3 a6 10. O-O Be6 11. Bxe6 Qxe6 12. Nxd4 Nxd4 13. Qxd4 Rd8 14.
Qh4 Qc6 15. Bg5 f6 16. Be3 e5 17. Bxb6 Qxb6 18. Nc4 Qc7 19. Rfe1 Bc5 20. Qh5+ Qf7 21. Qxf7+ Kxf7 22. Rad1 b5 23. Ne3 Bxe3 24. fxe3 Ke7 25. e4 h5 26. Kf2 h4 27. h3 Rxd1 28. Rxd1 Rb8 29. Ke3 Rc8 30. Rd5 Rc4 31. Kd3 Rc7 32. a4 bxa4 33. Ra5 Rb7 34. Rxa4 Rxb2 35. Rxa6 Rxg2 36. c4 Rg3+ 37. Kd2 Rxh3 38. Ra7+ Kd6 39.
Rxg7 Rf3 40. Rh7 h3 41. Rh5 Kc5 42. Ke2 Ra3 43. Rh6 h2 44. Kf1 Ra1+ 45. Kg2 h1=Q+ 46. Rxh1 Rxh1 47. Kxh1 Kxc4 48. Kg2 Kd4 49. Kf3 Kd3 0-1

[Event "*** Titled Tuesday Blitz"]
[Site "Chess.com"]
[Date "2021.02.02"]
[Round "2"]
[White "Shepherdboy"]
[Black "GMMarcinDziuba"]
[Result "1-0"]
[WhiteElo "2410"]
[BlackElo "2639"]
[TimeControl "180+1"]
[EndTime "10:20:10 PST"]
[Termination "Shepherdboy won by checkmate"]

1. d4 Nf6 2. c4 c5 3. d5 e5 4. Nc3 d6 5. e4 Be7 6. g3 Nbd7 7.
Bg2 h5 8. h4 Nf8 9. Nge2 Ng6 10. O-O a6 11. a4 Bd7 12. b3 b6 13. Qd3 Rb8 14. Bd2 O-O 15. Ra2 Ne8 16. Bf3 Nf6 17.
Bg2 Ng4 18. Nd1 b5 19. axb5 axb5 20. f3 Nf6 21. Ne3 b4 22. Rfa1 Re8 23. Kh2 Nf8 24.
Ra7 N6h7 25. Qc2 g6 26. Bh3 Bxh3 27. Kxh3 Bf6 28. Kg2 Bg7 29. Qa2 Bh6 30. Nd1 Bxd2 31. Qxd2 Re7 32. R7a6 f6 33. Nf2 Rg7 34. f4 Qe7 35.
Qe3 Re8 36. f5 gxf5 37. exf5 e4 38. Nf4 Qe5 39. Nxh5 Rf7 40. Ng4 Qb2+ 41. Kh3 Kh8 42. Ra7 Rxa7 43. Rxa7 Qb1 44. Nhxf6 Qf1+ 45. Kh2 Qxf5 46. Qh6 Qg6 47. Qxg6 Nxg6 48. Rxh7# 1-0

[Event "*** Titled Tuesday Blitz"]
[Site "Chess.com"]
[Date "2021.02.02"]
[Round "2"]
[White "Iskusnyh"]
[Black "paulrusan"]
[Result "1-0"]
[WhiteElo "2622"]
[BlackElo "2259"]
[TimeControl "180+1"]
[EndTime "10:20:10 PST"]
[Termination "Iskusnyh won on time"]

1. d4 Nf6 2. c4 g6 3. g3 Bg7 4.
Bg2 O-O 5. Nc3 d6 6. Nf3 c6 7. O-O Bf5 8. e3 Ne4 9. Nxe4 Bxe4 10. Qe2 c5 11. Rd1 Qb6 12. d5 Na6 13. Bh3 Bxf3 14. Qxf3 Nc7 15. Qe2 e6 16. dxe6 fxe6 17. a4 a5 18. Ra3 Rad8 19. Rad3 d5 20. Qc2 d4 21. exd4 cxd4 22. Rb3 Qc6 23. Bg2 Qxa4 24. Qd3 Na6 25. Rxb7 Nc5 26. Rxg7+ Kxg7 27. Qe2 d3 28.
Qe1 Rfe8 29. Bg5 Rd7 30. h4 h6 31. Bd2 e5 32. Ra1 Qxc4 33. Qe3 g5 34. hxg5 Qd4 35. gxh6+ Kh7 36. Qg5 Rg8 37. Qf5+ Kh8 38. Be3 Qxb2 39.
Rd1 Qe2 40. Rd2 Qe1+ 41. Kh2 Rd6 42. Qxe5+ Kh7 43. Qxc5 1-0

[Event "*** Titled Tuesday Blitz"]
[Site "Chess.com"]
[Date "2021.02.02"]
[Round "2"]
[White "chessasuke"]
[Black "Sofiia_Hryzlova"]
[Result "0-1"]
[WhiteElo "2579"]
[BlackElo "2245"]
[TimeControl "180+1"]
[EndTime "10:20:10 PST"]
[Termination "Sofiia_Hryzlova won by resignation"]

1. e4 c5 2. Nf3 Nc6 3. d4 cxd4 4. Nxd4 e6 5. Nc3 a6 6. g3 Nf6 7. Bg2 d6 8. O-O h5 9. Bg5 Be7 10. Re1 Bd7 11. h3 b5 12. Nxc6 Bxc6 13. e5 Bxg2 14. exf6 gxf6 15. Bxf6 Bxf6 16. Kxg2 Bxc3 17. bxc3 Qc7 18. Re3 Qc6+ 19. Kh2 Ke7 20. Qd4 Rh6 21. a4 Rf6 22. Qh4 Rg8 23. axb5 Qxb5 24. Rf3 Rg6 25. Ra4 e5 26. Rb4 Qe2 27. Rxf6 Rxf6 28. g4 hxg4 29. hxg4 Qxf2+ 30. Qxf2 Rxf2+ 31. Kg3 Rxc2 32. c4 Rc3+ 33. Kh4 a5 34. Ra4 Ke6 35. Kg5 f6+ 36. Kh4 e4 37. Rxa5 Rxc4 38. Kg3 d5 39. Kf4 Rc6 40. Ra8 Kd6 41. Ra5 Rb6 42. Ra8 Kc5 43. Ra5+ Kd4 44. Ra4+ Kc3 45. Ra5 Rd6 46. Rc5+ Kb4 47. Rc1 Kb3 48.
Ke3 d4+ 49. Kxe4 d3 50. Ke3 d2 51. Rd1 Kc2 0-1

[Event "*** Titled Tuesday Blitz"]
[Site "Chess.com"]
[Date "2021.02.02"]
[Round "2"]
[White "queen_iryna"]
[Black "bugsbunny444"]
[Result "0-1"]
[WhiteElo "2332"]
[BlackElo "2623"]
[TimeControl "180+1"]
[EndTime "10:20:11 PST"]
[Termination "bugsbunny444 won by checkmate"]

1. e4 c5 2. Nf3 e6 3. c4 a6 4. Nc3 Qc7 5. Be2 b6 6. O-O Bb7 7. d4 cxd4 8. Nxd4 Nf6 9. f3 Nc6 10. Be3 Ne5 11. Rc1 Ng6 12. Qd2 Bd6 13. Kh1 Bxh2 14.
f4 Bg3 15. Bf3 Bxf4 16. Ndb5 axb5 17. Nxb5 Qe5 18. Bxf4 Nxf4 19. Nd6+ Ke7 20. Nxb7 Rhb8 21. Qb4+ d6 22. Nxd6 Qxd6 23. Qxd6+ Kxd6 24. e5+ Kxe5 25. Bxa8 Rxa8 26. Rce1+ Ne4 27. g3 Nd3 28. Re3 Kd4 29. Ref3 Nd2 30. Rxf7 Nxf1 31. Rxf1 Rxa2 32. b3 Rf2 33.
Ra1 Rb2 34. Ra7 g5 35. Rd7+ Ke3 36. Rxh7 Kf3 37. Rf7+ Kxg3 38. Rf1 Rh2+ 39. Kg1 Rg2+ 40. Kh1 Nf2+ 41. Rxf2 Rxf2 42. b4 Rb2 43. c5 Rb1# 0-1

[Event "*** Titled Tuesday Blitz"]
[Site "Chess.com"]
[Date "2021.02.02"]
[Round "2"]
[White "Andrakhanova"]
[Black "Savagelittlemole"]
[Result "1-0"]
[WhiteElo "2268"]
[BlackElo "2448"]
[TimeControl "180+1"]
[EndTime "10:20:11 PST"]
[Termination "Andrakhanova won by resignation"]

1. c4 e5 2. Nc3 Nf6 3. g3 Bb4 4. Nd5 Nxd5 5. cxd5 O-O 6. Bg2 d6 7. e3 Nd7 8. Ne2 Ba5 9. O-O a6 10. d4 Bb6 11. b3 Re8 12. dxe5 Nxe5 13. Bb2 Bg4 14. Qc2 Bf3 15. Nd4 Bxg2 16. Kxg2 Bxd4 17.
Bxd4 Qd7 18. Rac1 Rac8 19. f4 Ng4 20. e4 h5 21. h3 Nh6 22. Qe2 f5 23. e5 dxe5 24.
Bxe5 Qxd5+ 25. Kh2 Nf7 26. Rfd1 Nxe5 27. Rxd5 Ng4+ 28.
Qxg4 hxg4 29. hxg4 fxg4 30. Rc2 c6 31. Rg5 Re1 32.
Rxg4 Rd8 33. f5 Rd6 34. Rf4 Rh6+ 35. Kg2 Reh1 36. Kf3 Rf1+ 37. Kg4 Rg1 38. Rd2 b5 39. Re4 Rf6 40. Rd8+ Kf7 41. Rd7+ Kf8 42. Ree7 g6 43.
Rh7 gxf5+ 44. Kg5 Ke8 45. Kxf6 Rxg3 46. Rde7+ Kd8 47. Rh8+ 1-0

[Event "*** Titled Tuesday Blitz"]
[Site "Chess.com"]
[Date "2021.02.02"]
[Round "2"]
[White "wnstop"]
[Black "kleopl"]
[Result "1-0"]
[WhiteElo "2745"]
[BlackElo "2500"]
[TimeControl "180+1"]
[EndTime "10:20:12 PST"]
[Termination "wnstop won by resignation"]

1. e4 c6 2. d4 d5 3. exd5 cxd5 4. Bd3 Nc6 5. c3 Nf6 6. h3 g6 7.
Nf3 Bf5 8. Be2 Bxb1 9. Rxb1 e6 10. Bf4 Bd6 11. Bh6 Bf8 12. Bf4 Bd6 13. Bg5 h6 14. Be3 Ne4 15. O-O a6 16. Re1 Ne7 17. c4 Nf5 18. Bc1 O-O 19. c5 Bc7 20. Bd3 Nxf2 21.
Kxf2 Bg3+ 22. Kg1 Bxe1 23. Qxe1 Kh7 24. g4 Ne7 25. Qe3 Ng8 26. b4 Qf6 27. Bd2 Rfe8 28. Rf1 Qg7 29. Ne5 Re7 30. h4 Kh8 31. Kh1 Rae8 32.
Bc2 Rf8 33. a4 Rfe8 34. Be1 Rf8 35. Bg3 Rfe8 36. Nf3 f6 37. Bd6 Rf7 38. Qd3 g5 39. hxg5 fxg5 40. Be5 Nf6 41. Nh2 Ref8 42. Kg2 Kg8 43.
Rf3 Kh8 44. Nf1 Kg8 45. Ng3 Re8 46. Nh5 Nxh5 47. Bxg7 Nxg7 48. Qh7+ Kf8 49. Rxf7+ Kxf7 50. Bg6+ 1-0

[Event "*** Titled Tuesday Blitz"]
[Site "Chess.com"]
[Date "2021.02.02"]
[Round "2"]
[White "VinzentSpitzl"]
[Black "Goryachkina"]
[Result "1/2-1/2"]
[WhiteElo "2403"]
[BlackElo "2651"]
[TimeControl "180+1"]
[EndTime "10:20:12 PST"]
[Termination "Game drawn by agreement"]

1. e4 c6 2. Nf3 d5 3. Nc3 dxe4 4. Nxe4 Nf6 5. Qe2 Nxe4 6. Qxe4 Qa5 7. b4 Qf5 8. Qe3 a5 9. b5 Qe6 10. a4 Qxe3+ 11.
fxe3 f6 12. Bb2 e5 13. Be2 Be6 14. c4 Nd7 15. Kf2 Bb4 16. Rhd1 O-O 17. d4 e4 18. Nd2 f5 19. Nb3 Nb6 20. d5 cxd5 21. c5 Nc4 22. Bxc4 dxc4 23. Nd4 Bf7 24. c6 bxc6 25. Nxc6 c3 26.
Ba3 Bb3 27. Rdc1 Bxa4 28. Nxb4 axb4 29. Bxb4 Rfb8 30. Bxc3 Bxb5 31. Rxa8 Rxa8 32. Bd4 Be8 33. Rc7 Bf7 34. Kg3 h6 35. Kf4 Ra2 36. g3 Ra5 37. Rc5 Rxc5 38. Bxc5 Be6 39. Ke5 Kf7 40. Kf4 Kf6 41.
Bd4+ Kf7 42. Ke5 Bd7 43. h4 g6 1/2-1/2

[Event "*** Titled Tuesday Blitz"]
[Site "Chess.com"]
[Date "2021.02.02"]
[Round "2"]
[White "Rogarcia1"]
[Black "FMKonstantin_Twitch"]
[Result "0-1"]
[WhiteElo "2237"]
[BlackElo "2618"]
[TimeControl "180+1"]
[EndTime "10:20:12 PST"]
[Termination "FMKonstantin_Twitch won by resignation"]

1. e4 e5 2. Nf3 Nc6 3. Bb5 a6 4. Ba4 Nf6 5. O-O b5 6. Bb3 Bc5 7. c3 d6 8. h3 O-O 9. a4 Rb8 10. d4 Bb6 11. a5 Nxa5 12. Rxa5 Bxa5 13. dxe5 Nxe4 14. Bf4 Be6 15. Bc2 dxe5 16. Qxd8 Rbxd8 17. Nxe5 Nf6 18. Nc6 Bb6 19. Nxd8 Rxd8 20. Be5 Bc4 21. Bxf6 gxf6 22. Rd1 Rxd1+ 23. Bxd1 Bd3 24. Nd2 c5 25. Bf3 b4 26. cxb4 cxb4 27. Bd5 a5 28. Ne4 Kg7 29. Nd6 a4 30. Nxf7 b3 31. Nd6 Bd4 32. Nc4 Bxb2 33. Nxb2 a3 34. Bxb3 axb2 35. Ba2 b1=Q+ 36. Bxb1 Bxb1 37.
Kh2 Kg6 38. Kg3 Kg5 39. f4+ Kf5 40. h4 Be4 41. h5 h6 0-1

[Event "*** Titled Tuesday Blitz"]
[Site "Chess.com"]
[Date "2021.02.02"]
[Round "2"]
[White "Tiradini007"]
[Black "MrChampion_Coach"]
[Result "0-1"]
[WhiteElo "2215"]
[BlackElo "2442"]
[TimeControl "180+1"]
[EndTime "10:20:13 PST"]
[Termination "MrChampion_Coach won on time"]

1. e4 c6 2. d4 d5 3. Nc3 dxe4 4. Nxe4 Nf6 5. Ng3 Bg4 6. Be2 Bxe2 7. N3xe2 Nbd7 8.
Nf3 Qc7 9. Bf4 Qa5+ 10. c3 e6 11. O-O Be7 12. Nc1 O-O 13. Nd3 Rad8 14. Qe2 c5 15. Nde5 cxd4 16. Nxd4 Nd5 17. Bg3 Nxe5 18. Bxe5 Bd6 19.
Bxd6 Rxd6 20. Qe5 Qd8 21. Rad1 Nb6 22. Qe2 a6 23. Rd2 Qc7 24. Rfd1 Rfd8 25. Nf3 f6 26. h3 e5 27. Kf1 R8d7 28. Ke1 Nd5 29. g3 b5 30. Qe4 Qd8 31. Ke2 g6 32. Qc2 e4 33.
Nd4 e3 34. fxe3 Re7 35. Rd3 Qe8 36. Kf2 Rxe3 37. Rxe3 Qxe3+ 38. Kg2 Qg5 39. Qf2 Ne3+ 40. Kh2 Nxd1 0-1

[Event "*** Titled Tuesday Blitz"]
[Site "Chess.com"]
[Date "2021.02.02"]
[Round "2"]
[White "Misticpikachu"]
[Black "LenkaPtacnikova"]
[Result "1-0"]
[WhiteElo "2402"]
[BlackElo "2109"]
[TimeControl "180+1"]
[EndTime "10:20:13 PST"]
[Termination "Misticpikachu won on time"]

1. c4 c5 2. g3 g6 3. Bg2 Bg7 4. Nf3 e5 5. Nc3 Nc6 6. O-O Nge7 7. d3 O-O 8. Bg5 h6 9. Bd2 d6 10. Rb1 Bg4 11. a3 a5 12. e3 Rc8 13. Qc2 d5 14. cxd5 Nxd5 15. Nxd5 Qxd5 16. Ng5 Qd7 17. Ne4 Be2 18. Nxc5 Qd6 19. Rfe1 Ne7 20. b4 axb4 21. axb4 b6 22. Rxe2 bxc5 23. b5 Nd5 24. Ba5 Nb4 25. Bxb4 cxb4 26. Qb3 Rfd8 27. Be4 Bf8 28. Rc2 Kg7 29. Rc6 Qb8 30. Rbc1 Rxc6 31. bxc6 Qc7 32. Qc4 Rb8 33. Qd5 b3 34. Rb1 b2 35. Qa2 Qb6 36. d4 exd4 37. Rxb2 Qxb2 38. Qxb2 Rxb2 39. c7 d3 40. c8=Q d2 41. Qc3+ Kg8 42. Bc2 1-0

[Event "*** Titled Tuesday Blitz"]
[Site "Chess.com"]
[Date "2021.02.02"]
[Round "2"]
[White "cassoulet"]
[Black "Pintacara"]
[Result "1-0"]
[WhiteElo "2760"]
[BlackElo "2503"]
[TimeControl "180+1"]
[EndTime "10:20:14 PST"]
[Termination "cassoulet won on time"]

1. e4 c5 2. Nf3 e6 3. d4 cxd4 4. Nxd4 a6 5. Nc3 Qc7 6. Bd3 Nf6 7. O-O d6 8. Be3 Nbd7 9. f4 h5 10. h3 b5 11. Qf3 Bb7 12. a3 h4 13. Rae1 Be7 14.
Qf2 Nh5 15. Nce2 Rc8 16. Nf3 Nc5 17. e5 Bxf3 18. Qxf3 Nxd3 19. cxd3 g6 20. Rc1 Qd7 21. Rxc8+ Qxc8 22. Rc1 Qd7 23. Qa8+ Bd8 24. exd6 Qxd6 25. Qc6+ Qxc6 26. Rxc6 O-O 27. Rxa6 Bf6 28. b4 Rc8 29. Bc5 Rd8 30. d4 Ng3 31. Kf2 Nxe2 32. Kxe2 Bxd4 33.
Be7 Rd5 34. Bxh4 Bc3 35. Bf2 Rd2+ 36. Kf3 Ra2 37. Ra5 Kg7 38. Bc5 f5 39. g4 Kf7 40.
Ra7+ Kg8 41. Kg3 Bb2 42. Kf3 Rxa3+ 43. Rxa3 Bxa3 44. Ke3 Bb2 45. Bd4 Bc1+ 46. Kf3 Ba3 47. Bc3 Bc1 48. Be5 Kf7 49. Ke2 Ba3 50. Bd6 1-0

[Event "*** Titled Tuesday Blitz"]
[Site "Chess.com"]
[Date "2021.02.02"]
[Round "2"]
[White "anasta10"]
[Black "pheonixking2000"]
[Result "0-1"]
[WhiteElo "2490"]
[BlackElo "2717"]
[TimeControl "180+1"]
[EndTime "10:20:14 PST"]
[Termination "pheonixking2000 won by resignation"]

1. d4 Nf6 2. c4 b6 3. Nc3 Bb7 4. Nf3 e6 5. g3 d5 6. Bg2 dxc4 7. O-O Nbd7 8. Qa4 a6 9. Qxc4 b5 10.
Qd3 c5 11. dxc5 Bxc5 12. Rd1 Qb6 13. e3 O-O 14. a3 Rfd8 15. b4 Be7 16. Qe2 Rac8 17.
Bb2 Qa7 18. Rac1 Qa8 19. h3 Nb6 20. Rxd8+ Rxd8 21. Rd1 Rc8 22. Ba1 Nc4 23. a4 Bc6 24. axb5 axb5 25. Nh4 h6 26. Nxb5 Nd5 27. Nd4 Bb7 28.
Qg4 Ndxe3 29. fxe3 Nxe3 30. Qe2 Nxd1 31. Qxd1 Bxh4 32. Bxb7 Qxb7 33. gxh4 Qxb4 34. Ne2 Qxh4 35. Bd4 Qxh3 36. Qa1 Qg4+ 37. Kf2 Rc2 38. Qd1 Rxe2+ 39.
Qxe2 Qxd4+ 40. Kg2 Qf6 41. Qa6 g6 42. Qc8+ Kg7 43. Kg3 h5 44. Kh3 Qf5+ 45. Kh2 Qe5+ 46. Kh3 g5 47. Kg2 h4 48. Qc4 Qd5+ 0-1

[Event "*** Titled Tuesday Blitz"]
[Site "Chess.com"]
[Date "2021.02.02"]
[Round "2"]
[White "jens1102"]
[Black "HanSchut"]
[Result "0-1"]
[WhiteElo "2439"]
[BlackElo "2253"]
[TimeControl "180+1"]
[EndTime "10:20:14 PST"]
[Termination "HanSchut won by resignation"]

1. d4 Nf6 2. Nc3 d5 3. Bf4 e6 4. e3 Bd6 5. Bg3 b6 6. Nf3 Bb7 7. Bd3 Ne4 8. Ne2 O-O 9. c4 Bb4+ 10. Kf1 dxc4 11. Bxc4 Bd6 12. Bd3 Nd7 13. Qc2 Ndf6 14. Bh4 Be7 15. Ng3 Nxg3+ 16. hxg3 h6 17. Rc1 Rc8 18.
e4 c5 19. d5 exd5 20. Bxf6 dxe4 21. Bxe7 Qxe7 22. Re1 exd3 23. Qxd3 Qf6 24. Rh4 Rcd8 25. Qe2 Rfe8 26. Qxe8+ Rxe8 27. Rxe8+ Kh7 28. Re3 Qxb2 29. Kg1 Qxa2 30. g4 Bxf3 31. Rxf3 f6 32. g5 fxg5 33. Rg4 c4 34. Re3 c3 35. Kh2 c2 36. Re1 Qb1 37. Rge4 c1=Q 38. Rxc1 Qxc1 39. Re3 Qc7+ 40. g3 b5 41. Rb3 Qb7 42. Rb4 a5 43. Rd4 a4 44.
Rd3 b4 45. Rd4 b3 46. Rd7 Qxd7 0-1

[Event "*** Titled Tuesday Blitz"]
[Site "Chess.com"]
[Date "2021.02.02"]
[Round "2"]
[White "eljanov"]
[Black "Korchmar_Vasiliy"]
[Result "1-0"]
[WhiteElo "2899"]
[BlackElo "2569"]
[TimeControl "180+1"]
[EndTime "10:20:15 PST"]
[Termination "eljanov won by resignation"]

1. Nf3 c5 2. g3 Nc6 3. Bg2 g6 4. c4 Bg7 5. Nc3 d6 6. O-O e6 7. e3 Nge7 8. d4 O-O 9. Bd2 b6 10. d5 exd5 11. cxd5 Nb4 12. e4 Ba6 13. a3 Nd3 14.
Qc2 h6 15. Rfd1 f5 16. exf5 Nxf5 17. Ne4 Nxb2 18. Re1 Nd3 19. Rf1 Kh7 20. Rad1 Nd4 21. Nxd4 Bxd4 22. Bc3 Ne5 23. Rfe1 Rc8 24. Qd2 Nd3 25. Rf1 Ne5 26. Rfe1 Nd3 27. Re3 Ne5 28. Bxd4 cxd4 29. Qxd4 Rc2 30. f4 Ng4 31. Rc3 Rxc3 32. Qxc3 Qe7 33. h3 Nf6 34. Re1 Nxe4 35. Rxe4 Qf7 36. Kh2 Re8 37. Re6 Rxe6 38. dxe6 Qxe6 39. Qc7+ Kg8 40. Qxa7 Bc4 41. Qxb6 d5 42. Qxe6+ 1-0